 Dungeon Crawl Stone Soup version 0.26-a0-438-g4b1dca4 (webtiles) character file.

Game seed: 3533651027601303823

7 Cunctator the Insei (level 2, 0/23 HPs)
             Began as a Gnoll Transmuter on July 26, 2020.
             Slain by a ball python (1 damage)
             ... on level 1 of the Dungeon.
             The game lasted 00:01:54 (80 turns).

Cunctator the Insei (Gnoll Transmuter)                Turns: 80, Time: 00:01:55

Health: 0/23       AC:  2    Str: 12    XL:     2   Next: 0%
Magic:  7/7        EV: 14    Int: 15    God:
Gold:   0          SH:  0    Dex: 15    Spells: 9/10 levels left

rFire    . . .     SeeInvis .     - Unarmed
rCold    . . .     Faith    .   (no shield)
rNeg     . . .     Spirit   .   a - +0 robe
rPois    .         Reflect  .   (no helmet)
rElec    .         Harm     .   (no cloak)
rCorr    .                      (no gloves)
MR       .....                  (no boots)
Stlth    +.........             (no amulet)
HPRegen  0.07/turn              (no ring)
MPRegen  0.10/turn              (no ring)

@: no status effects
A: distributed training, fangs 1, strong nose
a: no special abilities


You were on level 1 of the Dungeon.
You visited 1 branch of the dungeon, and saw 1 of its levels.


Innate Abilities, Weirdness & Mutations

Your experience applies equally to all skills.
You have very sharp teeth.
Your uncanny sense of smell can sniff out nearby items.


   Skills:
 + Level 2.4 Fighting
 + Level 0.2 Short Blades
 + Level 0.2 Long Blades
 + Level 0.2 Axes
 + Level 0.2 Maces & Flails
 + Level 0.2 Polearms
 + Level 0.2 Staves
 + Level 0.2 Slings
 + Level 0.2 Bows
 + Level 0.2 Crossbows
 + Level 0.2 Throwing
 + Level 0.2 Armour
 + Level 4.4 Dodging
 + Level 0.2 Stealth
 + Level 0.2 Shields
 + Level 6.4 Unarmed Combat
 + Level 4.9 Spellcasting
 + Level 0.1 Conjurations
 + Level 0.1 Hexes
 + Level 0.1 Summonings
 + Level 0.1 Necromancy
 + Level 0.1 Translocations
 + Level 3.6 Transmutations
 + Level 0.1 Fire Magic
 + Level 0.1 Ice Magic
 + Level 0.1 Air Magic
 + Level 0.1 Earth Magic
 + Level 0.1 Poison Magic
 + Level 0.3 Invocations
 + Level 0.2 Evocations


You had 9 spell levels left.
You knew the following spells:

 Your Spells              Type           Power        Failure   Level
z - Beastly Appendage     Tmut           ##....       3%          1

Your spell library contained the following spells:

 Spells                   Type           Power        Failure   Level
 Wereblood                Tmut           ##......     5%          2
 Spider Form              Tmut/Pois      #.........   22%         3
 Ice Form                 Ice/Tmut       #.......     58%         4
 Blade Hands              Tmut           ##........   71%         5

Inventory:

Armour
 a - a +0 robe (worn)

Dungeon Overview and Level Annotations

Branches:
Dungeon (1/15)

Altars:

▒....▒...▒.......▒....▒▒
▒....!..............▒..▒
.▒..........>▒......▒▒.▒▒▒▒
............▒▒▒...........▒
.▒▒..........▒<......▒▒▒▒..▒
...................▒▒ ..▒
▒▒.......▒.......▒..▒▒▒..(.▒
▒.▒....▒▒▒.....▒▒▒B.......
........▒......g▒†.▒▒▒....
..........S..▒ ▒▒
..▒....▒..........
.▒▒.▒▒..▒▒▒....... ▒. ▒▒.
▒.).....▒ ▒ ▒. .▒▒▒▒▒▒▒▒ .▒
. . ▒ ▒▒


You could see a ball python.


Message History

The bat hits you.
* * * LOW HITPOINT WARNING * * *
The bat misses you.
You barely miss the bat. The bat hits you.
* * * LOW HITPOINT WARNING * * *
The bat closely misses you.
You closely miss the ball python.
You claw the ball python, but do no damage.
Your headbutt misses the ball python. The ball python misses you.
The ball python closely misses you.
You hit the bat.
You kill the bat!
You have reached level 2!
Your horns disappear.
Your talons disappear.
The ball python bites you but does no damage.
The ball python closely misses you.
You hit the ball python but do no damage.
The ball python closely misses you. The ball python grabs you.
* * * LOW HITPOINT WARNING * * *
The ball python constricts you.
You escape the ball python's grasp.
Things that are here:
a +0 short sword; a kobold corpse You see here a frilled lizard corpse.
The ball python bites you.
You die...

Action                   || total
-------------------------++-------
Melee: Unarmed           ||    15
       Kick              ||     1
       Headbutt          ||     1
 Cast: Beastly Appendage ||     1
Armor: Robe              ||     5
Dodge: Dodged            ||    20

Levels and vault maps discovered:
D:1:      minmay_arrival_five_plusses, layout_rooms, serial_bayou_pond_a,
          minmay_pentomino_v2

Notes
Turn   | Place    | Note
-------+----------+-------------------------------------------
     0 | D:1      | Cunctator the Gnoll Transmuter began the quest for the Orb.
     0 | D:1      | Reached XP level 1. HP: 17/17 MP: 6/6
    68 | D:1      | HP: 1/17 [bat (1)]
    72 | D:1      | Reached XP level 2. HP: 2/23 MP: 7/7
    74 | D:1      | HP: 1/23 [ball python (1)]
    80 | D:1      | Slain by a ball python

Vanquished Creatures
  3 bats (D:1)
  A kobold (D:1)
  A frilled lizard (D:1)
  A goblin (D:1)
6 creatures vanquished.
